TOP OF THE 1ST |
Mancelona Torch batting - Pitching for Belleville Bulls : RHP Ernest Brock
|
Pitching: RHP Ernest Brock
|
|
Batting: RHB Thinley Tshering
|
0-0: SINGLE (Line Drive, 9S, EV 86.9 MPH)
|
Batting: RHB Tristan Powell
|
0-0: Swinging Strike 0-1: Ball 1-1: Fly out, F9 (Flyball, 89D, EV 101.2 MPH) Runner from 1st tags up, SAFE at 2nd
|
Batting: LHB Diego Alejandro Ureña
|
0-0: Ball 1-0: Called Strike 1-1: Ball 2-1: Swinging Strike 2-2: Strikes out looking
|
Batting: RHB Cam Lumsden
|
0-0: Ball 1-0: Called Strike 1-1: Swinging Strike 1-2: Foul Ball, location: 2F 1-2: Ball 2-2: Foul Ball, location: 2F 2-2: Strikes out swinging passed ball, reaches first! Thinley Tshering to third
|
Batting: SHB Silvio Capitanio
|
0-0: Ball Wild Pitch! Thinley Tshering scores Cam Lumsden to second 1-0: Ground out 3-1 (Groundball, 34, EV 93.8 MPH)
|
Top of the 1st over - 1 run, 1 hit, 0 errors, 1 left on base; Mancelona 1 - Belleville 0 |
BOTTOM OF THE 1ST |
Belleville Bulls batting - Pitching for Mancelona Torch : RHP Ipe de Deugd
|
Pitching: RHP Ipe de Deugd
|
|
Batting: SHB Aristotle Auer
|
0-0: Ball 1-0: Ball 2-0: Swinging Strike 2-1: Ground out 4-3 (Groundball, 4, EV 92.5 MPH)
|
Batting: RHB Amor Campos
|
0-0: Called Strike 0-1: Foul Ball, location: 2F 0-2: Ball 1-2: Ball 2-2: Foul Ball, location: 2F 2-2: Strikes out swinging
|
Batting: RHB Imbart Baars
|
0-0: Ball 1-0: Ball 2-0: Foul Ball, location: 2F 2-1: DOUBLE (Line Drive, 9LS, EV 94.4 MPH)
|
Batting: LHB Jason Powell
|
0-0: Ball 1-0: Foul Ball, location: 2F 1-1: Ball 2-1: Fly out, F9 (Flyball, 9LMF, EV 86.2 MPH)
|
Bottom of the 1st over - 0 runs, 1 hit, 0 errors, 1 left on base; Mancelona 1 - Belleville 0 |
TOP OF THE 2ND |
Mancelona Torch batting - Pitching for Belleville Bulls : RHP Ernest Brock
|
Batting: RHB Juan Barrón
|
0-0: Called Strike 0-1: Called Strike 0-2: Ball 1-2: Ball 2-2: Strikes out looking
|
Batting: LHB Jared Schneider
|
0-0: Called Strike 0-1: Called Strike 0-2: Fly out, F9 (Line Drive, 9, EV 93.1 MPH)
|
Batting: SHB César Enríques
|
0-0: Ball 1-0: Foul Ball, location: 2F 1-1: Called Strike 1-2: Ball 2-2: Strikes out swinging
|
Top of the 2nd over - 0 runs, 0 hits, 0 errors, 0 left on base; Mancelona 1 - Belleville 0 |
BOTTOM OF THE 2ND |
Belleville Bulls batting - Pitching for Mancelona Torch : RHP Ipe de Deugd
|
Batting: RHB Dylan Oram
|
0-0: Ball 1-0: Called Strike 1-1: Ball 2-1: Ball 3-1: Foul Ball, location: 2F 3-2: Fly out, F3 (Popup, 34S, EV 70.6 MPH)
|
Batting: LHB Travis Ladd
|
0-0: Ball 1-0: Foul Ball, location: 2F 1-1: SINGLE (Flyball, 8RS, EV 96.2 MPH)
|
Batting: RHB Rich Lucas
|
0-0: Ball Travis Ladd is caught stealing 2nd base 2-4 1-0: Ball 2-0: Foul Ball, location: 2F 2-1: Ground out U3 (Groundball, 3, EV 100.0 MPH)
|
Bottom of the 2nd over - 0 runs, 1 hit, 0 errors, 0 left on base; Mancelona 1 - Belleville 0 |
TOP OF THE 3RD |
Mancelona Torch batting - Pitching for Belleville Bulls : RHP Ernest Brock
|
Batting: SHB John Blake
|
0-0: Ball 1-0: Swinging Strike 1-1: SINGLE (Line Drive, 78S, EV 111.2 MPH)
|
Batting: RHB Thinley Tshering
|
0-0: Ball 1-0: Ball 2-0: Called Strike 2-1: Ball 3-1: Base on Balls John Blake to second
|
Batting: RHB Tristan Powell
|
0-0: Ball 1-0: Ball 2-0: Ball 3-0: Base on Balls John Blake to third Thinley Tshering to second
|
Batting: LHB Diego Alejandro Ureña
|
0-0: Called Strike 0-1: Called Strike 0-2: Ball 1-2: Ground out 4-3 (Groundball, 4, EV 85.6 MPH) John Blake scores Thinley Tshering to third Tristan Powell to second
|
Batting: RHB Cam Lumsden
|
0-0: Called Strike 0-1: Ball 1-1: Ball 2-1: Ground out 6-3 (Groundball, 56, EV 99.4 MPH) Thinley Tshering scores
|
Batting: SHB Silvio Capitanio
|
0-0: SINGLE (Line Drive, 9S, EV 98.8 MPH) Tristan Powell to third
|
Batting: RHB Juan Barrón
|
0-0: Ball 1-0: SINGLE (Line Drive, 9S, EV 106.9 MPH) Tristan Powell scores Silvio Capitanio to second
|
Batting: LHB Jared Schneider
|
0-0: Ball 1-0: Foul Ball, location: 2F 1-1: Foul Ball, location: 2F 1-2: Strikes out swinging
|
Top of the 3rd over - 3 runs, 3 hits, 0 errors, 2 left on base; Mancelona 4 - Belleville 0 |
BOTTOM OF THE 3RD |
Belleville Bulls batting - Pitching for Mancelona Torch : RHP Ipe de Deugd
|
Batting: RHB Hulama Yani
|
0-0: Ball 1-0: Ball 2-0: Called Strike 2-1: DOUBLE (Line Drive, 8LD, EV 104.4 MPH)
|
Batting: RHB Conan Porter
|
0-0: SINGLE (Groundball, 56D, EV 98.8 MPH) Hulama Yani to third
|
Batting: SHB Aristotle Auer
|
0-0: Swinging Strike 0-1: Swinging Strike 0-2: Ball 1-2: Ball 2-2: Strikes out looking
|
Batting: RHB Amor Campos
|
0-0: Called Strike 0-1: Grounds into double play, 5-4-3 (Groundball, 56, EV 88.1 MPH)
|
Bottom of the 3rd over - 0 runs, 2 hits, 0 errors, 1 left on base; Mancelona 4 - Belleville 0 |
TOP OF THE 4TH |
Mancelona Torch batting - Pitching for Belleville Bulls : RHP Ernest Brock
|
Batting: SHB César Enríques
|
0-0: Called Strike 0-1: Ball 1-1: Ball 2-1: Ball 3-1: Foul Ball, location: 2F 3-2: Foul Ball, location: 2F 3-2: Foul Ball, location: 2F 3-2: Strikes out looking
|
Batting: SHB John Blake
|
0-0: Called Strike 0-1: Foul Ball, location: 2F 0-2: Foul Ball, location: 2F 0-2: Foul Ball, location: 2F 0-2: SINGLE (Line Drive, 3D, EV 95.6 MPH)
|
Batting: RHB Thinley Tshering
|
0-0: Called Strike 0-1: Ball 1-1: Called Strike 1-2: Grounds into double play, 6-4-3 (Groundball, 6, EV 90.6 MPH)
|
Top of the 4th over - 0 runs, 1 hit, 0 errors, 0 left on base; Mancelona 4 - Belleville 0 |
BOTTOM OF THE 4TH |
Belleville Bulls batting - Pitching for Mancelona Torch : RHP Ipe de Deugd
|
Batting: RHB Imbart Baars
|
0-0: Ball 1-0: Ball 2-0: Foul Ball, location: 2F 2-1: Called Strike 2-2: Strikes out swinging
|
Batting: LHB Jason Powell
|
0-0: Swinging Strike 0-1: Foul Ball, location: 2F 0-2: Ball 1-2: Ball 2-2: Strikes out looking
|
Batting: RHB Dylan Oram
|
0-0: Foul Ball, location: 2F 0-1: Ball 1-1: Ball 2-1: DOUBLE (Line Drive, 89XD, EV 108.8 MPH)
|
Pinch Runner at 2nd Jonathan Campbell:
|
|
Batting: LHB Travis Ladd
|
0-0: Called Strike 0-1: Foul Ball, location: 2F 0-2: Ball 1-2: Foul Ball, location: 2F 1-2: Ball 2-2: DOUBLE (Flyball, 8RXD, EV 91.2 MPH) Jonathan Campbell scores
|
Batting: RHB Rich Lucas
|
0-0: Ball 1-0: Foul Ball, location: 2F 1-1: Ball 2-1: Foul Ball, location: 2F 2-2: Strikes out looking
|
Bottom of the 4th over - 1 run, 2 hits, 0 errors, 1 left on base; Mancelona 4 - Belleville 1 |
TOP OF THE 5TH |
Mancelona Torch batting - Pitching for Belleville Bulls : RHP Ernest Brock
|
Now at 3B: Jonathan Campbell
|
|
Batting: RHB Tristan Powell
|
0-0: Ball 1-0: Foul Ball, location: 2F 1-1: Called Strike 1-2: SINGLE (Groundball, 6MD, EV 98.8 MPH)
|
Batting: LHB Diego Alejandro Ureña
|
0-0: Swinging Strike 0-1: Ball 1-1: Ball 2-1: SINGLE (Line Drive, 4D, EV 97.5 MPH) Tristan Powell to second Runner from 2nd tries for 3rd, SAFE, throw by RF made to third
|
Batting: RHB Cam Lumsden
|
0-0: Fly out, F7 (Flyball, 7S, EV 93.8 MPH)
|
Batting: SHB Silvio Capitanio
|
0-0: Called Strike 0-1: Ball 1-1: Swinging Strike 1-2: Foul Ball, location: 2F 1-2: Hit by Pitch Diego Alejandro Ureña to second
|
Batting: RHB Juan Barrón
|
0-0: Called Strike 0-1: Ball 1-1: Called Strike 1-2: Ball 2-2: Fly out, F8 (Line Drive, 8RM, EV 87.5 MPH) Runner from 3rd tags up, SCORES, throw by CF
|
Batting: LHB Jared Schneider
|
0-0: Ball 1-0: Ball 2-0: Called Strike 2-1: Fly out, F8 (Flyball, 89XD, EV 98.1 MPH)
|
Top of the 5th over - 1 run, 2 hits, 0 errors, 2 left on base; Mancelona 5 - Belleville 1 |
BOTTOM OF THE 5TH |
Belleville Bulls batting - Pitching for Mancelona Torch : RHP Ipe de Deugd
|
Batting: RHB Hulama Yani
|
0-0: Called Strike 0-1: Fly out, F7 (Flyball, 7D, EV 101.2 MPH)
|
Batting: RHB Conan Porter
|
0-0: Ball 1-0: DOUBLE (Flyball, 8LXD, EV 111.9 MPH)
|
Batting: SHB Aristotle Auer
|
0-0: Swinging Strike 0-1: Fly out, F7 (Flyball, 7LS, EV 83.1 MPH)
|
Batting: RHB Amor Campos
|
0-0: Ball 1-0: Ground out 6-3 (Groundball, 6, EV 93.8 MPH)
|
Bottom of the 5th over - 0 runs, 1 hit, 0 errors, 1 left on base; Mancelona 5 - Belleville 1 |
TOP OF THE 6TH |
Mancelona Torch batting - Pitching for Belleville Bulls : RHP Ernest Brock
|
Batting: SHB César Enríques
|
0-0: Called Strike 0-1: Ball 1-1: Ball 2-1: SINGLE (Flyball, 9LS, EV 91.9 MPH)
|
Pitching: LHP Kenny Lindsey
|
|
Batting: SHB John Blake
|
0-0: Ball 1-0: Called Strike 1-1: SINGLE (Groundball, 56D, EV 98.1 MPH) César Enríques to second
|
Batting: RHB Thinley Tshering
|
Pickoff Throw to Second - Error! E1 César Enríques to third John Blake to second 0-0: Called Strike 0-1: Foul Ball, location: 2F 0-2: Ball 1-2: Ball 2-2: SINGLE (Groundball, 6MD, EV 98.1 MPH) César Enríques scores John Blake to third
|
Batting: RHB Tristan Powell
|
0-0: Called Strike 0-1: Ball 1-1: Fly out, F8 (Flyball, 78D, EV 102.5 MPH) Runner from 3rd tags up, SCORES, throw by CF
|
Batting: LHB Diego Alejandro Ureña
|
0-0: Swinging Strike 0-1: Ball 1-1: Swinging Strike 1-2: Foul Ball, location: 2F 1-2: Strikes out swinging
|
Batting: RHB Cam Lumsden
|
0-0: Called Strike 0-1: Ball 1-1: Ball 2-1: Fly out, F8 (Flyball, 8LXD, EV 88.1 MPH)
|
Top of the 6th over - 2 runs, 3 hits, 1 error, 1 left on base; Mancelona 7 - Belleville 1 |
BOTTOM OF THE 6TH |
Belleville Bulls batting - Pitching for Mancelona Torch : RHP Ipe de Deugd
|
Batting: RHB Imbart Baars
|
0-0: Ball 1-0: Ball 2-0: Foul Ball, location: 2F 2-1: Foul Ball, location: 2F 2-2: DOUBLE (Line Drive, 9LS, EV 113.1 MPH)
|
Batting: LHB Jason Powell
|
0-0: Ground out 5-3 (Groundball, 5, EV 86.2 MPH)
|
Batting: LHB Jonathan Campbell
|
0-0: Foul Ball, location: 2F 0-1: Ground out 6-3 (Groundball, 6, EV 104.4 MPH)
|
Batting: LHB Travis Ladd
|
0-0: Foul Ball, location: 2F 0-1: Ball 1-1: Ball 2-1: Ball 3-1: SINGLE (Flyball, 9S, EV 94.4 MPH) Imbart Baars to third
|
Batting: RHB Rich Lucas
|
0-0: Called Strike 0-1: Called Strike 0-2: Ball 1-2: Strikes out swinging
|
Bottom of the 6th over - 0 runs, 2 hits, 0 errors, 2 left on base; Mancelona 7 - Belleville 1 |
TOP OF THE 7TH |
Mancelona Torch batting - Pitching for Belleville Bulls : LHP Kenny Lindsey
|
Batting: SHB Silvio Capitanio
|
0-0: Called Strike 0-1: Ball 1-1: Foul Ball, location: 2F 1-2: Strikes out swinging
|
Batting: RHB Juan Barrón
|
0-0: Ground out 4-3 (Groundball, 4M, EV 90.0 MPH)
|
Batting: LHB Jared Schneider
|
0-0: Ball 1-0: SINGLE (Groundball, 4D, EV 97.5 MPH)
|
Batting: SHB César Enríques
|
0-0: Called Strike 0-1: Foul Ball, location: 2F 0-2: Ball 1-2: Ball 2-2: Foul Ball, location: 2F 2-2: Foul Ball, location: 2F 2-2: Strikes out swinging
|
Top of the 7th over - 0 runs, 1 hit, 0 errors, 1 left on base; Mancelona 7 - Belleville 1 |
BOTTOM OF THE 7TH |
Belleville Bulls batting - Pitching for Mancelona Torch : RHP Ipe de Deugd
|
Batting: RHB Hulama Yani
|
0-0: Fly out, F9 (Flyball, 9S, EV 93.8 MPH)
|
Batting: RHB Conan Porter
|
0-0: Ball 1-0: Foul Ball, location: 2F 1-1: Swinging Strike 1-2: Strikes out swinging
|
Batting: SHB Aristotle Auer
|
0-0: Foul Ball, location: 2F 0-1: Ball 1-1: Ground out U3 (Groundball, 3L, EV 82.5 MPH)
|
Bottom of the 7th over - 0 runs, 0 hits, 0 errors, 0 left on base; Mancelona 7 - Belleville 1 |
TOP OF THE 8TH |
Mancelona Torch batting - Pitching for Belleville Bulls : LHP Kenny Lindsey
|
Batting: SHB John Blake
|
0-0: Called Strike 0-1: Ball 1-1: Called Strike 1-2: Foul Ball, location: 2F 1-2: Strikes out swinging
|
Batting: RHB Thinley Tshering
|
0-0: Swinging Strike 0-1: Foul Ball, location: 2F 0-2: Ball 1-2: Ball 2-2: Ground out 6-3 (Groundball, 6, EV 80.6 MPH)
|
Batting: RHB Tristan Powell
|
0-0: Called Strike 0-1: Called Strike 0-2: Ball 1-2: Foul Ball, location: 2F 1-2: Strikes out swinging
|
Top of the 8th over - 0 runs, 0 hits, 0 errors, 0 left on base; Mancelona 7 - Belleville 1 |
BOTTOM OF THE 8TH |
Belleville Bulls batting - Pitching for Mancelona Torch : RHP Ipe de Deugd
|
Batting: RHB Amor Campos
|
0-0: Ball 1-0: Ball 2-0: Swinging Strike 2-1: Foul Ball, location: 2F 2-2: Ball 3-2: SINGLE (Flyball, 9LS, EV 93.1 MPH)
|
Pitching: LHP Jian-gun Lin
|
|
Batting: RHB Imbart Baars
|
0-0: Grounds into double play, 6-4-3 (Groundball, 6, EV 85.6 MPH)
|
Batting: LHB Jason Powell
|
0-0: Ball 1-0: Ball 2-0: Ball 3-0: Base on Balls
|
Batting: LHB Jonathan Campbell
|
0-0: Called Strike 0-1: SINGLE (Line Drive, 7S, EV 100.6 MPH) Jason Powell to second Runner from 2nd tries for 3rd, SAFE, no throw by LF
|
Batting: LHB Travis Ladd
|
0-0: Foul Ball, location: 2F 0-1: Ball 1-1: Ball 2-1: Ball 3-1: Called Strike 3-2: Foul Ball, location: 2F 3-2: Base on Balls Jonathan Campbell to second
|
Batting: RHB Rich Lucas
|
0-0: Ball 1-0: Ball 2-0: SINGLE (Line Drive, 89S, EV 88.1 MPH) Jason Powell scores Jonathan Campbell to third Travis Ladd to second Runner from 3rd tries for Home, SAFE, no throw by RF
|
Batting: RHB Hulama Yani
|
0-0: Fielders Choice at 2nd, 6-4 (Groundball, 6, EV 101.9 MPH)
|
Bottom of the 8th over - 2 runs, 3 hits, 0 errors, 2 left on base; Mancelona 7 - Belleville 3 |
TOP OF THE 9TH |
Mancelona Torch batting - Pitching for Belleville Bulls : LHP Kenny Lindsey
|
Batting: LHB Diego Alejandro Ureña
|
0-0: Called Strike 0-1: Swinging Strike 0-2: Ball 1-2: Ball 2-2: Strikes out swinging, 2-3 out at first.
|
Batting: RHB Cam Lumsden
|
0-0: Foul Ball, location: 2F 0-1: Swinging Strike 0-2: Ball 1-2: Foul Ball, location: 2F 1-2: Strikes out looking
|
Pitching: RHP Li-zhu Koo
|
|
Batting: SHB Silvio Capitanio
|
0-0: Ball 1-0: Called Strike 1-1: Hit by Pitch
|
Batting: RHB Juan Barrón
|
0-0: Called Strike 0-1: Swinging Strike 0-2: Strikes out looking
|
Top of the 9th over - 0 runs, 0 hits, 0 errors, 1 left on base; Mancelona 7 - Belleville 3 |
BOTTOM OF THE 9TH |
Belleville Bulls batting - Pitching for Mancelona Torch : LHP Jian-gun Lin
|
Batting: RHB Conan Porter
|
0-0: Ball 1-0: Ground out 5-3 (Groundball, 56, EV 80.6 MPH)
|
Batting: SHB Aristotle Auer
|
0-0: Ball 1-0: Foul Ball, location: 2F 1-1: Ball 2-1: Ball 3-1: Base on Balls
|
Batting: RHB Amor Campos
|
0-0: Foul Ball, location: 2F 0-1: DOUBLE (Flyball, 78XD, EV 97.5 MPH) Aristotle Auer to third
|
Pitching: LHP Norberto Huerta
|
|
Batting: RHB Imbart Baars
|
0-0: Ball 1-0: Ball 2-0: Ground out 6-3 (Groundball, 56, EV 87.5 MPH) Aristotle Auer scores
|
Batting: LHB Jason Powell
|
0-0: Foul Ball, location: 2F 0-1: Ball 1-1: Called Strike 1-2: Strikes out swinging
|
Bottom of the 9th over - 1 run, 1 hit, 0 errors, 1 left on base; Mancelona 7 - Belleville 4 |
|